 Dungeon Crawl Stone Soup version 0.24-a0-584-g9d6b971ae4 (webtiles) character file.

Game seed: 3212821221577370775, levelgen mode: deterministic

109 Gynju the Chopper (level 5, -6/41 HPs)
             Began as a Formicid Fighter on Sept 6, 2019.
             Blown up by a gnoll (26 damage)
             ... with a disintegration bolt
             ... on level 3 of the Dungeon.
             The game lasted 00:02:21 (1935 turns).

Gynju the Chopper (Formicid Fighter)                Turns: 1935, Time: 00:02:22

Health: -6/41      AC: 13    Str: 22    XL:     5   Next: 13%
Magic:  5/5        EV:  4    Int:  7    God:
Gold:   108        SH:  9    Dex: 10    Spells: 4/4 levels left

rFire    . . .     SeeInvis +   a - +0 war axe
rCold    . . .     Gourm    .   c - +0 shield
rNeg     . . .     Faith    .   g - +0 plate armour
rPois    .         Spirit   .   (helmet unavailable)
rElec    .         Reflect  .   (no cloak)
rCorr    .         Harm     .   k - +0 pair of gloves
MR       .....                  n - +0 pair of boots
Stlth    ..........             (no amulet)
HPRegen  0.13/turn              (no ring)
MPRegen  0.09/turn              (no ring)

@: no status effects
A: permanent stasis, dig shafts and tunnels, four strong arms, antennae 3
a: Dig, Shaft Self


You were on level 3 of the Dungeon.
You were very hungry.

You visited 1 branch of the dungeon, and saw 3 of its levels.

You collected 108 gold pieces.

Inventory:

Hand Weapons
 a - a +0 war axe (weapon)
Armour
 c - a +0 shield (worn)
 g - a +0 plate armour (worn)
 k - a +0 pair of gloves (worn)
 n - a +0 pair of boots (worn)
Scrolls
 l - a scroll of noise {unknown}
 o - a scroll of fog {unknown}
Potions
 d - a potion of might
 e - a potion of resistance {unknown}
 h - 2 potions of curing {@q1}
 i - a potion of agility {unknown}
 j - a potion of heal wounds
 m - a potion of mutation {unknown}
Comestibles
 f - 2 rations


   Skills:
 - Level 3.2 Fighting
 + Level 4.9 Axes
 - Level 3.2 Armour
 - Level 3.6 Shields


You had 4 spell levels left.
You didn't know any spells.
Your spell library contained the following spells:

 Spells                   Type           Power        Failure   Level  Hunger
 Confusing Touch          Hex            #.....       100%        1    ##.....
 Confuse                  Hex            #.......     100%        3    ####...
 Gell's Gravitas          Tloc           #.........   100%        3    ####...
 Petrify                  Tmut/Erth      #.......     100%        4    #####..
 Metabolic Englaciation   Hex/Ice        #.........   100%        5    ######.
 Yara's Violent Unravell  Hex/Tmut       #.........   100%        5    ######.


Dungeon Overview and Level Annotations

Branches:
Dungeon (3/15)

Altars:


Innate Abilities, Weirdness & Mutations

You cannot be hasted, slowed, berserked, paralysed or teleported.
You can dig through walls and to a lower floor.
Your four strong arms can wield two-handed weapons with a shield.
You have a pair of large antennae on your head. (SInv)


Message History

You are no longer poisoned.
You retract your mandibles.
You are feeling very hungry.
HP restored.
There is a stone staircase leading up here.
There is a stone staircase leading up here.
The gnoll is too close now for your liking.
A gnoll is nearby!
A gnoll is nearby!
The gnoll shouts!
No target in view!
The gnoll is too close now for your liking.
The gnoll zaps a wand.
You are blasted!
Ouch! That really hurt!
You are too injured to fight recklessly!
You hit the gnoll.
The gnoll is moderately wounded.
The gnoll zaps a wand.
You are blasted!
Ouch! That really hurt!
You die...

#### ####.##.#.# #.
####......###. #####.
#.......#.# ## ......
#.##.##.#.# # #.....#
#.##....#.# ## .......
#.##.##.#.###. ......)
#..<......##.#
......g#######.####.#.##
#@.......# ##.##
#.######## ### #.# ..#
####


You could see a gnoll.

Vanquished Creatures
  2 gnolls
  4 adders
  A worm (D:2)
  3 dart slugs
  2 leopard geckos (D:2)
  An orc (D:3)
  7 bats
  A giant cockroach (D:1)
  3 hobgoblins
  2 jackals (D:2)
  5 kobolds
  2 quokkas
  2 frilled lizards
  6 goblins
  5 rats
46 creatures vanquished.

Notes
Turn   | Place    | Note
-------+----------+-------------------------------------------
     0 | D:1      | Gynju the Formicid Fighter began the quest for the Orb.
     0 | D:1      | Reached XP level 1. HP: 18/18 MP: 1/1
   129 | D:1      | Reached XP level 2. HP: 20/24 MP: 2/2
   255 | D:1      | Reached skill level 3 in Axes
   730 | D:2      | Reached XP level 3. HP: 29/29 MP: 3/3
  1044 | D:2      | Reached skill level 4 in Axes
  1044 | D:2      | Reached XP level 4. HP: 35/35 MP: 4/4
  1625 | D:2      | Reached XP level 5. HP: 14/41 MP: 5/5
  1935 | D:3      | Blown up by a gnoll

Levels and vault maps discovered:
D:1:      saegor_arrival_simple_b, layout_basic, minmay_pentomino_s2
D:2:      layout_loops_ring, kennysheep_generic_room_9
D:3:      layout_loops_cross, lemuel_crystal_altar, first_ration

Skill      XL: |  1  2  3 |
---------------+----------+-----
Axes           | 3 4 |  4.9
Fighting       | |  3.2
Armour         | |  3.2
Shields        | |  3.6

Action                   |  1- 3 |  4- 6 || total
-------------------------+-------+-------++-------
Melee: War axe           |    87 |    67 ||   154
 Abil: Dig               |       |     1 ||     1
  Use: Scroll            |     3 |       ||     3
  Eat: Chunk             |     1 |     2 ||     3
Armor: Plate armour      |    71 |    65 ||   136
Dodge: Dodged            |    23 |     9 ||    32
Block: Shield            |    70 |    45 ||   115

Table legend:
 A = Non-vault XP
 B = Vault XP
 C = Vault XP percentage of total XP
 D = Non-vault monster count
 E = Vault monster count
 F = Vault count percentage of total count
                 A         B        C        D         E       F
            +---------+---------+-------+---------+---------+-------
      Total |     139 |      18 |  11.5 |      43 |       3 |   6.5
            +---------+---------+-------+---------+---------+-------
        D:1 |      25 |       2 |   7.4 |      14 |       1 |   6.7
        D:2 |      75 |      16 |  17.6 |      20 |       2 |   9.1
        D:3 |      39 |       0 |   0.0 |       9 |       0 |   0.0
            +---------+---------+-------+---------+---------+-------
